 Dungeon Crawl Stone Soup version 0.29-a0-620-g13ace881f2 (webtiles) character file.

Game seed: 911075049762272896

372 ptdevnull the Stinger (level 6, -5/36 HPs)
             Began as an Octopode Venom Mage on June 19, 2022.
             Slain by an iguana (12 damage)
             ... on level 4 of the Dungeon.
             The game lasted 00:10:49 (4845 turns).

ptdevnull the Stinger (Octopode Venom Mage)         Turns: 4845, Time: 00:10:50

Health: -5/36      AC:  1    Str:  8    XL:     6   Next: 71%
Magic:  8/12       EV: 13    Int: 31    God:
Gold:   93         SH:  0    Dex: 12    Spells: 10/13 levels left

rFire   . . .      SeeInvis .   a - +3 rapier
rCold   . . .      Faith    .   (no shield)
rNeg    . . .      Spirit   .   (helmet restricted)
rPois   .          Reflect  .   d - amulet of the acrobat
rElec   .          Harm     .   j - +6 ring of intelligence
rCorr   .          Rampage  .   w - +6 ring of intelligence
Will    .....                   (no ring)
Stlth   +++.......              (no ring)
HPRegen 0.12/turn               (no ring)
MPRegen 0.13/turn               (no ring)
                                (no ring)
                                (no ring)

@: lethally poisoned (-5 -> -8)
A: almost no armour, amphibious, 8 rings, camouflage 1, gelatinous body 1,
(nimble swimmer 1), tentacles
a: no special abilities


You were on level 4 of the Dungeon.
You visited 1 branch of the dungeon, and saw 4 of its levels.
You also visited: Sewer.

You collected 93 gold pieces.

Inventory:

Hand Weapons
 a - a +3 rapier (weapon)
 b - a +2 hunting sling of freezing
 e - a +0 spear
Armour
 q - an orb of guile
Jewellery
 d - an amulet of the acrobat (around mantle)
 g - an amulet of regeneration
 j - a +6 ring of intelligence (left tentacle)
 w - a +6 ring of intelligence (right tentacle)
Scrolls
 c - a scroll of amnesia
 h - 2 scrolls of identify
 k - 2 scrolls of vulnerability
 l - 4 scrolls of teleportation
 o - a scroll of summoning {unknown}
 x - 2 scrolls of enchant armour
 y - 2 scrolls of fog {unknown}
Potions
 f - 2 potions of resistance
 i - 5 potions of curing
 m - 2 potions of brilliance {unknown}
 n - 2 potions of heal wounds {unknown}
 p - a potion of flight {unknown}
 r - a potion of magic
 s - 4 potions of mutation
 t - 2 potions of ambrosia
 u - a potion of experience {unknown}
 v - a potion of haste {unknown}
 z - a potion of might {unknown}


   Skills:
 * Level 1.4 Short Blades
 - Level 2.0 Dodging
 + Level 3.2 Stealth
 - Level 4.0 Spellcasting
 - Level 3.0 Transmutations
 - Level 6.0 Poison Magic


You had 10 spell levels left.
You knew the following spells:

 Your Spells              Type           Power      Damage    Failure   Level
a - Sting                 Tmut/Pois      100%       1d8       1%          1
b - Poisonous Vapours     Pois/Air       48%        N/A       2%          2

Your spell library contained the following spells:

 Spells                   Type           Power      Damage    Failure   Level
 Olgreb's Toxic Radiance  Pois           43%        N/A       4%          4
 Freeze                   Ice            24%        1d5       6%          1
 Mephitic Cloud           Conj/Pois/Air  18%        N/A       8%          3
 Frozen Ramparts          Ice            12%        1d3       19%         3
 Hailstorm                Conj/Ice       6%         3d4       52%         4


Dungeon Overview and Level Annotations

Branches:
Dungeon (4/15)              Sewer (visited)
 Temple: D:4-7

Altars:
Elyvilon
Makhleb
Uskayaw
Xom
Zin
The Shining One

Shops:
D:4 *


Innate Abilities, Weirdness & Mutations

You cannot wear most types of armour.
You are amphibious.
You can wear up to eight rings at the same time.
Your skin changes colour to match your surroundings (Stealth+).
Your rubbery body absorbs attacks. (AC +1, EV +1)
((You are camouflaged when in or above water. (Stealth+)))
You have tentacles for arms and can constrict up to eight enemies at once.


Message History

Confirm with . or Enter, or press ? or * to list all spells.
Aiming: Sting (safe; 1% risk of failure)
Press: ? - help, Shift-Dir - straight line, f - adder
Aim: an adder (63% to hit)
The sting hits the adder!
The adder is poisoned.
The adder is heavily wounded.
You feel sick. The adder barely misses you. The iguana misses you.
Unknown command.
Sorry, you're not good enough to have a special ability.
Unknown command.
Casting: Sting (safe; 1% risk of failure)
Confirm with . or Enter, or press ? or * to list all spells.
Aiming: Sting (safe; 1% risk of failure)
Press: ? - help, Shift-Dir - straight line, f/p - adder
Aim: an adder (heavily wounded, poisoned, 63% to hit)
The sting hits the adder.
The adder looks even sicker.
The adder is severely wounded.
You feel sick. The adder barely misses you. The iguana bites you.
Unknown command.
Casting: Sting (safe; 1% risk of failure)
Confirm with . or Enter, or press ? or * to list all spells.
Aiming: Sting (safe; 1% risk of failure)
Press: ? - help, Shift-Dir - straight line, f/p - adder
Aim: an adder (severely wounded, very poisoned, 63% to hit)
The sting hits the adder.
The adder looks even sicker.
The adder is almost dead.
You feel sick.
You kill the adder!
The iguana bites you.
* * * LOW HITPOINT WARNING * * *
Casting: Sting (safe; 1% risk of failure)
Confirm with . or Enter, or press ? or * to list all spells.
Aiming: Sting (safe; 1% risk of failure)
Press: ? - help, Shift-Dir - straight line, f - iguana
Aim: an iguana (heavily wounded, 81% to hit)
The sting hits the iguana but does no damage.
The iguana is poisoned.
The iguana is heavily wounded.
You feel sick. The iguana bites you!
You die...

##.#####....# ##..
........##.### #... #
#...... #...#####..#
..#.....# ###........#
...!....#####........#
#...................#
##......#####'#......#
# #.......#
#_##...##### ..#)..†@#
####.#.# #.. # #....l#
#.#.###.# #......
#.#...#.# ######.#
#.###...# .# #.###..##
.# #.##...# ##
###....####
###.^.....###
#...##.##.#..


You could see an iguana (poisoned).

Vanquished Creatures
  Pargi (Sewer)
  A scorpion (D:4)
  A hound (D:4)
  Jessica (D:3)
  An iguana (D:4)
  4 adders
  A river rat (D:4)
  An ufetubus (D:4)
  A dart slug (D:4)
  An orc (D:3)
  6 endoplasms
  5 giant cockroaches
  6 goblins
  5 hobgoblins
  4 jackals (D:4)
  3 kobolds
  6 quokkas
  15 ball pythons
  8 bats
  7 frilled lizards
  4 rats
82 creatures vanquished.

Notes
Turn   | Place    | Note
-------+----------+-------------------------------------------
     0 | D:1      | ptdevnull the Octopode Venom Mage began the quest for the
                  | Orb.
     0 | D:1      | Reached XP level 1. HP: 11/11 MP: 3/3
   267 | D:1      | Reached XP level 2. HP: 17/17 MP: 1/5
   406 | D:1      | Found a faded altar of an unknown god.
   672 | D:1      | Reached skill level 4 in Poison Magic
  1068 | D:1      | Reached XP level 3. HP: 13/21 MP: 6/6
  2261 | D:2      | Learned a level 2 spell: Poisonous Vapours
  2303 | D:2      | Reached XP level 4. HP: 18/27 MP: 1/8
  2842 | D:3      | Noticed Jessica
  2847 | D:3      | Killed Jessica
  2993 | D:3      | Found a shimmering altar of Xom.
  3003 | D:3      | Found a hide-covered altar of Uskayaw.
  3214 | D:3      | Found a glowing silver altar of Zin.
  3214 | D:3      | Found a glowing golden altar of the Shining One.
  3214 | D:3      | Found a white marble altar of Elyvilon.
  3402 | D:4      | Noticed a scorpion
  3596 | D:4      | Reached XP level 5. HP: 31/31 MP: 2/9
  3597 | D:4      | Reached skill level 5 in Poison Magic
  3610 | D:4      | Found Hoefutut's General Store.
  3813 | D:4      | Reached XP level 6. HP: 20/36 MP: 11/11
  3820 | D:4      | Found a burning altar of Makhleb.
  3854 | D:4      | Found a glowing drain.
  3863 | Sewer    | Entered a sewer
  4028 | Sewer    | Noticed Pargi
  4325 | Sewer    | Killed Pargi
  4326 | Sewer    | Reached skill level 6 in Poison Magic
  4326 | Sewer    | Reached skill level 1 in Short Blades
  4845 | D:4      | Slain by an iguana

Illustrated notes

Levels and vault maps discovered:
D:1:      dpeg_arrival_three_bigger_balls, layout_basic,
          hellmonk_ecumenical_altar_leap_of_faith, minmay_surrounded
D:2:      layout_loops_cross
D:3:      layout_rooms, good_gods_mini_temple,
          mainiacjoe_overflow_catwalk_spiral, uniq_jessica
D:4:      layout_rooms, kennysheep_mini, portal_sewer_entry_a, serial_shops,
          kennysheep_mini_moat

Skill      XL: |  1  2  3  4  5  6 |
---------------+-------------------+-----
Poison Magic   | 4 5 6 |  6.0
Transmutations | 2 3 |  3.0
Spellcasting   | 3 4 |  4.0
Short Blades   | 1 |  1.4
Stealth        | 3 |  3.2
Dodging        | |  2.0

Action                   |  1- 3 |  4- 6 || total
-------------------------+-------+-------++-------
Melee: Spear             |    32 |       ||    32
       Constrict         |     8 |    10 ||    18
       Tentacles         |     7 |     7 ||    14
       Rapier            |    12 |    35 ||    47
       Punch             |       |     1 ||     1
 Fire: Hunting sling     |       |    94 ||    94
 Cast: Sting             |    41 |    10 ||    51
       Poisonous Vapours |     2 |    13 ||    15
  Use: Scroll            |       |    12 ||    12
       Potion            |       |     1 ||     1
 Stab: Sleeping          |     9 |     6 ||    15
Armor: Skin              |     3 |    16 ||    19
Dodge: Dodged            |    35 |    71 ||   106

Table legend: (Time is in decaauts)
 A = Elapsed time spent in this place.
 B = Non-inter-level travel time spent in this place.
 C = Inter-level travel time spent in this place.
 D = Time resting spent in this place.
 E = Time spent auto-exploring this place.
 F = Levels seen in this place.
 G = Mean time per level.
                   A        B        C        D        E       F      G
               +--------+--------+--------+--------+--------+-----+--------+
         Total |   4899 |   4780 |    119 |    488 |   3382 |   5 |  979.8 |
       Dungeon |   4137 |   4018 |    119 |    488 |   2902 |   4 | 1034.2 |
         Sewer |    761 |    761 |      0 |      0 |    480 |   1 |  761.0 |
               +--------+--------+--------+--------+--------+-----+--------+

Top non-repeatable levels by time:
     D:1: 1574 daAuts
     D:2: 1038 daAuts
     D:3: 967 daAuts
   Sewer: 761 daAuts
     D:4: 556 daAuts
